 Dungeon Crawl Stone Soup version 0.28-a0-1235-g7c8fac35f0 (webtiles) character file.

Game seed: 8860402168642913474

633131 bearlyready the Minotaur Barricade (level 27, -14/268 HPs)
             Began as a Minotaur Brigand on Dec 24, 2021.
             Was an Initiate of Gozag.
             Killed from afar by an orb of fire (56 damage)
             ... with a bolt of fire
             ... on level 5 of the Realm of Zot.
             The game lasted 02:04:23 (93183 turns).

bearlyready the Minotaur Barricade (MiBr)          Turns: 93183, Time: 02:04:24

Health: -14/268    AC: 32    Str: 23    XL:     27
Magic:  22/22      EV: 46    Int:  8    God:    Gozag
Gold:   24409      SH: 34    Dex: 29    Spells: 26/26 levels left

rFire   . . .      SeeInvis .   F - +9 demon whip (elec)
rCold   + . .      Faith    .   X - +0 tower shield
rNeg    . . .      Spirit   .   M - +6 scale mail of the Original Sin {Str+5 Dex+5}
rPois   .          Reflect  +   V - +2 hat
rElec   .          Harm     .   k - +1 cloak of a wizard's laboratory {rC+}
rCorr   .          Rampage  .   P - +2 pair of gloves
Will    ++...      Clarity  +   m - +2 pair of boots {Fly}
Stlth   ++........              y - amulet of reflection
HPRegen 0.54/turn               v - +4 ring of evasion
MPRegen 0.18/turn               T - ring of the Hare {EV+8}

@: mighty, flying, hasted, studying 2 skills, very quick
A: horns 2, retaliatory headbutt, clarity
}: 3/15 runes: barnacled, silver, gossamer
a: Renounce Religion, Potion Petition, Call Merchant, Bribe Branch


You were on level 5 of the Realm of Zot.
You worshipped Gozag.
Gozag was extremely pleased with you.
You visited 11 branches of the dungeon, and saw 52 of its levels.
You visited the Abyss 4 times.
You visited 1 bazaar.
You also visited: Sewer, Gauntlet, Ice Cave and Desolation.

You collected 32600 gold pieces.
You spent 7457 gold pieces at shops.
You paid 734 gold pieces to Gozag.

Inventory:

Hand Weapons
 q - a +5 vorpal eveningstar
 F - a +9 demon whip of electrocution (weapon)
Missiles
 e - 10 curare-tipped darts (quivered)
Armour
 k - the +1 cloak of a wizard's laboratory (worn) {rC+}
   (You acquired it on level 9 of the Dungeon)

   rC:        It protects you from cold.
 m - a +2 pair of boots of flying (worn)
 M - the +6 scale mail of the Original Sin (worn) {Str+5 Dex+5}
   (You found it on level 3 of the Shoals)

   Str:       It affects your strength (+5).
   Dex:       It affects your dexterity (+5).
 P - a +2 pair of gloves (worn)
 V - a +2 hat (worn)
 X - a +0 tower shield (worn)
Jewellery
 d - a ring of see invisible
 v - a +4 ring of evasion (left hand)
 x - the amulet "Caqous" {RegenMP rN++ Str+3}
   (You found it in a Gauntlet)

   [amulet of magic regeneration]

   It increases your rate of magic regeneration.
   Str:       It affects your strength (+3).
   rN:        It greatly protects you from negative energy.
 y - an amulet of reflection (around neck)
 T - the ring of the Hare (right hand) {EV+8}
   (You bought it in a shop on level 1 of the Vaults)

   [ring of evasion]

   EV:        It affects your evasion (+8).
Wands
 b - a wand of mindburst (17)
 i - a wand of digging (21)
 w - a wand of paralysis (15)
 H - a wand of polymorph (15)
 N - a wand of iceblast (25)
 Q - a wand of flame (44)
 W - a wand of charming (5)
 Y - a wand of acid (7)
Scrolls
 c - 3 scrolls of blinking
 f - 4 scrolls of summoning
 l - 4 scrolls of holy word
 n - a scroll of enchant weapon
 s - 6 scrolls of enchant armour
 B - 16 scrolls of teleportation
 J - 6 scrolls of brand weapon
 L - 5 scrolls of magic mapping
 O - 7 scrolls of fog
 R - 11 scrolls of fear
 S - 6 scrolls of silence
Potions
 h - 24 potions of curing
 o - 3 potions of berserk rage
 p - 8 potions of attraction
 r - 10 potions of cancellation
 u - a potion of might
 z - 10 potions of ambrosia
 A - 5 potions of invisibility
 C - 11 potions of lignification
 D - 8 potions of flight
 E - 3 potions of magic
 G - 19 potions of mutation
 I - 16 potions of heal wounds
 U - 5 potions of haste
Miscellaneous
 a - a tin of tremorstones (2/2)
 g - a lightning rod (4/4)
 j - a box of beasts
 t - a phantom mirror
 K - a condenser vane
 Z - a phial of floods


   Skills:
 + Level 25.8 Fighting
 - Level 2.1 Short Blades
 - Level 19.0 Maces & Flails
 - Level 2.0 Throwing
 + Level 26.2 Armour
 + Level 24.4 Dodging
 - Level 3.2 Stealth
 O Level 27 Shields
 + Level 17.9 Evocations


You had 26 spell levels left.
You didn't know any spells.
Your spell library contained the following spells:

 Spells                   Type           Power      Damage    Failure   Level
 Foxfire                  Conj/Fire      0%         2x1d4     54%         1
 Freeze                   Ice            0%         1d3       54%         1
 Pain                     Necr           0%         1d4       54%         1
 Sting                    Tmut/Pois      0%         1d3       54%         1
 Summon Small Mammal      Summ           0%         N/A       54%         1
 Call Imp                 Summ           0%         N/A       69%         2
 Ensorcelled Hibernation  Hex/Ice        0%         N/A       69%         2
 Passwall                 Tmut/Erth      0%         N/A       69%         2
 Scorch                   Fire           0%         2d5       69%         2
 Static Discharge         Conj/Air       0%         N/A       69%         2
 Sublimation of Blood     Necr           0%         N/A       69%         2
 Wereblood                Tmut           0%         N/A       69%         2
 Call Canine Familiar     Summ           0%         N/A       89%         3
 Conjure Flame            Conj/Fire      0%         6-21      89%         3
 Dazzling Flash           Conj/Hex       0%         N/A       89%         3
 Frozen Ramparts          Ice            0%         1d2       89%         3
 Gell's Gravitas          Tloc           0%         N/A       89%         3
 Inner Flame              Hex/Fire       0%         N/A       89%         3
 Lesser Beckoning         Tloc           0%         N/A       89%         3
 Ozocubu's Armour         Ice            0%         N/A       89%         3
 Portal Projectile        Hex/Tloc       0%         N/A       89%         3
 Spider Form              Tmut/Pois      0%         N/A       89%         3
 Summon Guardian Golem    Hex/Summ       0%         N/A       89%         3
 Swiftness                Air            0%         N/A       89%         3
 Teleport Other           Tloc           0%         N/A       89%         3
 Tukima's Dance           Hex            0%         N/A       89%         3
 Vampiric Draining        Necr           0%         2d6       89%         3
 Airstrike                Air            0%         N/A       100%        4
 Animate Armour           Summ/Erth      0%         N/A       100%        4
 Animate Dead             Necr           0%         N/A       100%        4
 Dispel Undead            Necr           0%         3d6       100%        4
 Flame Wave               Conj/Fire      0%         2d4       100%        4
 Hailstorm                Conj/Ice       0%         3d3       100%        4
 Ice Form                 Ice/Tmut       0%         N/A       100%        4
 Leda's Liquefaction      Hex/Erth       0%         N/A       100%        4
 Olgreb's Toxic Radiance  Pois           0%         N/A       100%        4
 Passage of Golubria      Tloc           0%         N/A       100%        4
 Petrify                  Tmut/Erth      0%         N/A       100%        4
 Summon Lightning Spire   Summ/Air       0%         N/A       100%        4
 Agony                    Necr           0%         N/A       100%        5
 Blade Hands              Tmut           0%         N/A       100%        5
 Excruciating Wounds      Necr           0%         N/A       100%        5
 Freezing Cloud           Conj/Ice/Air   0%         6-21      100%        5
 Irradiate                Conj/Tmut      0%         3d14      100%        5
 Lightning Bolt           Conj/Air       0%         1d11      100%        5
 Metabolic Englaciation   Hex/Ice        0%         N/A       100%        5
 Silence                  Hex/Air        0%         N/A       100%        5
 Yara's Violent Unravell  Hex/Tmut       0%         3d3       100%        5
 Eringya's Noxious Bog    Tmut/Pois      0%         N/A       100%        6
 Iron Shot                Conj/Erth      0%         9d1       100%        6
 Simulacrum               Ice/Necr       0%         N/A       100%        6
 Statue Form              Tmut/Erth      0%         N/A       100%        6
 Summon Cactus Giant      Summ           0%         N/A       100%        6
 Haunt                    Necr/Summ      0%         N/A       100%        7
 Malign Gateway           Summ/Tloc      0%         N/A       100%        7
 Summon Hydra             Summ           0%         N/A       100%        7
 Borgnjor's Revivificati  Necr           0%         N/A       100%        8
 Discord                  Hex            0%         N/A       100%        8
 Ignition                 Fire           0%         3d3       100%        8
 Infestation              Necr           0%         N/A       100%        8
 Maxwell's Capacitive Co  Air            0%         ∞         100%        8
 Necromutation            Tmut/Necr      0%         N/A       100%        8
 Summon Horrible Things   Summ           0%         N/A       100%        8
 Death's Door             Necr           0%         N/A       100%        9


Dungeon Overview and Level Annotations

Branches:
Dungeon (15/15)            Temple (1/1) D:6            Lair (6/6) D:10
 Shoals (4/4) Lair:4       Spider (4/4) Lair:2        Slime (0/5) Lair:6
    Orc (2/2) D:11            Elf (3/3) Orc:2        Vaults (5/5) D:13
  Crypt (3/3) Vaults:3       Tomb (0/3) Crypt:3      Depths (4/4) D:15
    Zot (5/5) Depths:4      Sewer (visited)           IceCv (visited)
Desolation (visited)      Gauntlet (visited)

Altars:
Ashenzari
Cheibriados
Dithmenos
Elyvilon
Fedhas
Gozag
Hepliaklqana
Kikubaaqudgha
Makhleb
Nemelex Xobeh
Okawaru
Qazlal
Ru
Sif Muna
Trog
Uskayaw
Vehumet
Wu Jian
Xom
Yredelemnul
Zin
The Shining One
Beogh
Jiyva
Lugonu

Shops:
D:8 [   Orc:1 *   Orc:2 *([*   Elf:1 (:?   Vaults:1 [!?==   Vaults:5 ?
Depths:4 *

Portals:
Hell: Depths:1 Depths:2 Depths:3 Depths:4
Abyss: Depths:3 Depths:4
Pandemonium: Depths:2 Depths:4
Ziggurat: Depths:1
Trove: D:12 (give +5 demon whip)

Annotations:
Elf:2 5 runed translucent doors
Zot:4 3 runed translucent doors, Etiafa's ghost, legendary TrWz


Innate Abilities, Weirdness & Mutations

You have a pair of horns on your head.
You reflexively headbutt those who attack you in melee.
You possess an exceptional clarity of mind.


Message History

The Orb Guardian is distracted by your dazzling golden aura.
There is an open door here.
You feel very mighty all of a sudden.
The orb of fire glows deep purple.
The fireball explodes!
The fireball engulfs you!!!
The fireball engulfs the orb of fire.
The orb of fire completely resists.
You feel yourself speed up.
The orb of fire emits a lurid red light.
The bolt of fire hits the orb of fire.
The orb of fire completely resists.
The bolt of fire hits you!!!
The death cob is distracted by your dazzling golden aura.
The orb of fire glows red.
The bolt of fire misses you.
Okay, then.
The death cob gives a chilling moan.
You thrash the orb of fire!! Your headbutt misses the orb of fire.
The orb of fire is lightly damaged.
The orb of fire emits a lurid red light.
The fireball explodes!
The fireball engulfs you!!!
The fireball engulfs the orb of fire.
The orb of fire completely resists.
You hear a roar!
You thrash the orb of fire!!
The orb of fire is moderately damaged.
The orb of fire glows deep purple.
The bolt of fire misses the orb of fire.
The bolt of fire misses you.
You whack the orb of fire!
The orb of fire is heavily damaged.
The orb of fire glows bright magenta.
The fireball explodes!
The fireball engulfs you!!!!
* * * LOW HITPOINT WARNING * * *
The fireball engulfs the orb of fire.
The orb of fire completely resists.
Blink to where?
Press: ? - help, Dir - move target
As you read the scroll of blinking, it crumbles to dust.
The orb of fire glows bright magenta.
The bolt of fire hits the orb of fire.
The orb of fire completely resists.
The bolt of fire hits you!!!
You die...
Your body crumbles into a pile of gold.

#.......# #.............,
##+#####.# #...........#.*
#.⌠....#.#######+####........,
***#......#......+.....#......#.*
,,,+......#..#####.....#........,
,**#......'..#####.....'......#.*
** #......#......#.(...#........*
***#...⌠..######.#.#+###.^......*
,,*#####+## #@###.......#+###*
,,* *,* #..§*z#####.#,* ,,* *,*
#####*#≈≈≈#.#,** ,,* *,*
#.#≈≈≈#.#,,* ,,******,*
#$#≈≈≈#.+,,* ,,+,,,,,,*
#*#≈≈≈#.#*** ,,**,***,* #.#####.#
,,**,***+***** #XX.X...# ***
****,**,,,,,,* ####.#### *,,


You could see 2 orbs of fire and a death cob.

Vanquished Creatures
  A dread lich (Depths:4)
  4 ancient liches
  Mara (Crypt:2)
  A royal mummy (Crypt:3)
  3 Killer Klowns
  6 curse toes
  11 golden dragons
  Arachne (Spider:3)
  2 electric golems
  A doom hound (Depths:1)
  3 hellephants
  11 tentacled monstrosities
  The ghost of freelancePsychic the Purveyor of Pain, an adept DsEE of Kikubaaqudgha (Crypt:2)
  Rupert (Lair:2)
  3 liches
  6 Orb Guardians (Zot:5)
  10 quicksilver dragons
  2 titans
  2 deep elf blademasters
  6 sphinxes
  The ghost of Midn8 the Marksdraconian, an adept DrCj of Ru (Spider:4)
  8 ancient champions
  5 deep elf master archers
  3 tentacled starspawn (Abyss:3)
  4 krakens
  9 death cobs
  The ghost of Rachuaq the Thaumaturge, an adept GnSk of Makhleb (Orc:1)
  12 tengu reavers
  3 draconian monks
  10 shadow dragons
  Donald (Crypt:2)
  8 storm dragons
  6 revenants
  13 frost giants
  An iron dragon (Vaults:5)
  4 deep elf sorcerers
  7 emperor scorpions (Spider:4)
  Aizul (Vaults:2)
  10 fire giants
  2 ghost moths (Spider:4)
  22 vault wardens
  An iron dragon (shapeshifter) (Vaults:5)
  Louise (Elf:1)
  4 imperial myrmidons (Desolation)
  7 draconian knights
  A curse skull (Crypt:3)
  5 draconian stormcallers
  2 orc warlords
  A caustic shrike zombie (Crypt:3)
  11 draconian shifters
  A deep elf elementalist (Elf:3)
  2 balrugs (Abyss:3)
  A spriggan defender (Depths:2)
  5 war gargoyles
  9 draconian annihilators
  13 ghouls (Crypt:2)
  17 ironbound preservers
  12 stone giants
  15 ironbound thunderhulks
  2 vampire knights
  12 black draconians
  29 very ugly things
  7 deep elf demonologists (Elf:3)
  A juggernaut skeleton (Crypt:2)
  14 red draconians
  10 entropy weavers
  Azrael (D:12)
  5 dire elephants
  10 yellow draconians
  A halazid warlock (Desolation)
  8 green draconians
  8 deep elf annihilators
  7 white draconians
  12 purple draconians
  A minotaur (Gauntlet)
  5 spark wasps
  7 deep elf death magi
  A blizzard demon (Depths:3)
  Snorg (D:12)
  6 fire dragons
  6 merfolk impalers
  A green death (Abyss:3)
  4 crystal guardians
  4 eidola
  A merfolk javelineer (Depths:4)
  13 ettins
  2 mummy priests (Crypt:3)
  3 ragged hierophants (Desolation)
  9 deep elf high priests
  7 great orbs of eyes
  7 yaktaur captains
  7 servants of whispers (Desolation)
  21 jiangshi
  A quicksilver dragon skeleton (Abyss:3)
  2 spriggan zombies
  4 rakshasas
  8 peacekeepers
  31 vault guards
  12 boulder beetles
  7 hydras
  4 ghost crabs (Lair:3)
  A caustic shrike simulacrum (Crypt:3)
  11 ice dragons
  3 catoblepae
  5 death knights
  3 ogre magi
  6 merfolk avatars
  15 centaur warriors
  11 ironbound frosthearts
  A spriggan air mage (Depths:3)
  7 two-headed ogres
  5 merfolk aquamancers
  A death scarab (Spider:4)
  6 tengu warriors
  A satyr (Shoals:4)
  12 thrashing horrors
  3 deep troll shamans (Depths:4)
  The ghost of pokeman the Thaumaturge, a journeyman DEWz of Vehumet (D:11)
  13 vampire magi
  7 deep troll earth magi
  A hell knight (Depths:4)
  11 deep elf knights
  6 spriggan berserkers
  5 sun demons
  3 shadow wraiths (Crypt:3)
  A titan skeleton (Crypt:3)
  6 spriggans
  7 wretched stars
  A spectral ghost moth (Spider:4)
  11 sea snakes
  5 fire crabs (Lair:3)
  An entropy weaver zombie (Crypt:2)
  A soul eater (Crypt:1)
  A spectral entropy weaver (Spider:4)
  2 storm dragon skeletons
  8 iron trolls
  The ghost of LynnLen the Chopper, a novice FoFi of Okawaru (D:6)
  28 skeletal warriors
  3 spatial maelstroms (Abyss:3)
  8 flayed ghosts
  3 glowing orange brains
  A bog body (Crypt:2)
  21 wizards
  45 deep trolls
  9 phantasmal warriors
  14 deep elf archers
  A spectral wolf spider (Spider:4)
  8 starcursed masses
  An orange crystal statue (IceCv)
  A swamp dragon (shapeshifter) (Vaults:2)
  A kraken simulacrum (Shoals:2)
  A shadow dragon zombie (Crypt:3)
  21 ironbound convokers
  3 necromancers
  37 harpies
  21 lindwurms
  27 deep elf zephyrmancers
  24 orb spiders
  8 orc knights
  A shadow dragon skeleton (Crypt:2)
  17 manticores
  53 ugly things
  25 deep elf pyromancers
  A sphinx skeleton (Vaults:3)
  A shining eye (shapeshifter) (Depths:1)
  30 wolf spiders
  3 orc sorcerers
  12 fauns
  A salamander (shapeshifter) (D:8)
  14 elephants
  2 worldbinders (Abyss:3)
  20 moths of wrath
  A will-o-the-wisp (Abyss:4)
  10 cyclopes
  3 guardian serpents
  A frost giant skeleton (Depths:1)
  19 vault sentinels
  9 merfolk sirens
  A dire elephant zombie (Abyss:3)
  2 black mambas (Lair:6)
  8 water nymphs
  2 ice statues (Depths:3)
  2 stone giant skeletons (Vaults:3)
  A guardian serpent (shapeshifter) (Elf:1)
  An orange demon (Depths:2)
  3 smoke demons (Abyss:3)
  7 torpor snails
  An alligator snapping turtle zombie (Crypt:2)
  2 apocalypse crabs
  2 gargoyles (D:11)
  A shock serpent skeleton (Crypt:2)
  A torpor snail (shapeshifter) (Vaults:3)
  A rime drake (shapeshifter) (D:15)
  An unseen horror (D:11)
  13 rime drakes
  A hellion (Depths:2)
  2 ghost moth simulacra (Spider:4)
  12 cane toads
  2 kobold demonologists
  8 human skeletons
  A grey draconian skeleton (Crypt:3)
  4 tengu conjurers
  27 yaktaurs
  An efreet (Zot:3)
  16 demonic crawlers
  A green draconian skeleton (Crypt:1)
  9 freezing wraiths
  4 komodo dragons
  A hellwing (Depths:2)
  A tormentor (Abyss:3)
  6 ancient zymes
  4 guardian mummies (Crypt:3)
  3 tyrant leeches (Lair:6)
  6 polar bears
  2 yaktaur skeletons
  3 meliai (D:14)
  A white draconian skeleton (Crypt:3)
  40 jumping spiders
  22 merfolk
  A queen bee (Lair:3)
  6 wind drakes
  16 hornets
  5 trolls
  2 blink frogs (shapeshifter)
  6 large abominations (Abyss:3)
  34 saltlings
  A death drake skeleton (Crypt:2)
  A tengu simulacrum (Depths:1)
  10 raiju
  A harpy skeleton (Abyss:3)
  15 dream sheep
  2 meliai zombies
  An ettin zombie (Crypt:3)
  25 slime creatures
  7 snapping turtles
  A black mamba zombie (Crypt:3)
  An ice dragon zombie (Crypt:3)
  21 blink frogs
  3 air elementals
  A guardian serpent skeleton (Crypt:3)
  A deep troll skeleton (Vaults:3)
  A shadow (D:8)
  5 flying skulls (Abyss:3)
  10 wraiths
  An ice dragon skeleton (Crypt:3)
  38 tarantellas
  83 redbacks
  26 water elementals
  A tarantella (shapeshifter) (Vaults:4)
  27 fire elementals
  6 wyverns
  6 ynoxinuls (Abyss:3)
  3 ushabtiu (Crypt:3)
  5 basilisks
  31 yaks
  A basilisk (shapeshifter) (D:14)
  3 neqoxecs (Abyss:3)
  7 vampire mosquitoes
  3 death yak simulacra (Shoals:2)
  An alligator snapping turtle simulacrum (Shoals:2)
  A chaos spawn (Depths:2)
  An emperor scorpion simulacrum (Spider:4)
  Menkaure (D:4)
  A glowing shapeshifter zombie (Crypt:1)
  3 wargs
  A sea snake simulacrum (Shoals:2)
  2 harpy simulacra (Shoals:2)
  7 spatial vortices
  2 acid dragons
  22 water moccasins
  Duvessa (D:4)
  44 orc warriors
  A cane toad skeleton (Crypt:2)
  2 ice beasts
  A lindwurm zombie (Crypt:1)
  A satyr simulacrum (Shoals:2)
  5 black bears
  4 necrophages
  12 ogres
  11 wolves
  2 boggarts
  14 centaurs
  A lindwurm skeleton (Crypt:1)
  A phantom (D:5)
  A komodo dragon zombie (Crypt:1)
  3 kobold brigands
  11 bullfrogs
  A salamander zombie (Crypt:1)
  6 earth elementals
  2 gnoll sergeants
  5 scorpions
  4 merfolk simulacra (Shoals:2)
  2 faun simulacra (Shoals:2)
  A wyvern skeleton (D:6)
  Dowan (D:4)
  2 manticore simulacra (Shoals:2)
  13 wights
  2 snapping turtle simulacra (Shoals:2)
  26 killer bees
  A raiju skeleton (Crypt:2)
  3 howler monkeys (D:14)
  2 electric eels
  A black bear zombie (Crypt:3)
  14 centaur zombies
  A wolf skeleton (Crypt:1)
  2 bullfrog zombies
  2 jellies
  A bullfrog skeleton (D:4)
  A hound (D:5)
  A hound (shapeshifter) (Gauntlet)
  A basilisk zombie (Crypt:2)
  15 orc priests
  2 iguanas
  An iron imp (Abyss:2)
  2 cyclops simulacra (Shoals:2)
  Natasha (thrice) (D:4)
  25 orc wizards
  6 small abominations
  3 centaur simulacra (Shoals:2)
  An ogre skeleton (Crypt:1)
  A howler monkey zombie (D:7)
  Robin (D:2)
  11 gnolls
  12 adders
  4 river rats (Sewer)
  A shadow imp (D:8)
  5 white imps
  An adder skeleton (D:4)
  A barachi zombie (Crypt:1)
  5 dart slugs
  77 orcs
  9 endoplasms
  3 giant cockroaches
  10 hobgoblins
  5 jackals
  12 kobolds
  4 quokkas
  10 ball pythons
  2 bats
  3 frilled lizards
  22 goblins
  A jackal skeleton (Crypt:1)
  25 rats
  A rat skeleton (Crypt:3)
  A bush (D:7)
  A lurking horror (Abyss:3)
  A starspawn tentacle (Abyss:3)
  7 tentacles
2499 creatures vanquished.

Vanquished Creatures (collateral kills)
  2 ancient liches (Vaults:4)
  A deep elf blademaster (Elf:3)
  A shadow dragon (Zot:1)
  A very ugly thing (Elf:3)
  An ice dragon (IceCv)
  A servant of whispers (Desolation)
  A merfolk avatar (Shoals:4)
  2 merfolk aquamancers (Shoals:4)
  An efreet (Elf:3)
  2 saltlings (Desolation)
  An orc priest (D:10)
14 creatures vanquished.

Vanquished Creatures (others)
  A draconian knight (Zot:4)
  A ghost moth (Zot:4)
  A vault guard (Vaults:5)
  An ironbound frostheart (IceCv)
  An ice dragon (IceCv)
  28 dancing weapons
  A skeletal warrior (Crypt:3)
  2 deep elf knights
  2 wizards
  A spectral wolf spider (Spider:4)
  A deep elf pyromancer (Elf:1)
  A demonic crawler (Spider:3)
  A rime drake (IceCv)
  3 polar bears (IceCv)
  A raiju (Abyss:3)
  2 fire elementals (D:12)
  A water moccasin (D:10)
  2 centaurs (Orc:2)
  A small abomination (Abyss:3)
  An orc priest (D:10)
  An ufetubus (Abyss:3)
  59 fungi
  A lurking horror (Abyss:3)
  A pillar of salt (Desolation)
  106 plants
  15 starspawn tentacles
  28 tentacles
  18 withered plants (Crypt:3)
282 creatures vanquished.

Grand Total: 2795 creatures vanquished

Notes
Turn   | Place    | Note
-------+----------+-------------------------------------------
     0 | D:1      | bearlyready the Minotaur Brigand began the quest for the
                  | Orb.
     0 | D:1      | Reached XP level 1. HP: 18/18 MP: 0/0
   208 | D:1      | Reached XP level 2. HP: 23/26 MP: 1/1
   626 | D:1      | Reached XP level 3. HP: 34/34 MP: 2/2
   659 | D:1      | Found a faded altar of an unknown god.
  1237 | D:2      | Noticed Robin
  1256 | D:2      | Reached skill level 5 in Fighting
  1446 | D:2      | Killed Robin
  1447 | D:2      | Reached XP level 4. HP: 30/42 MP: 3/3
  2159 | D:2      | Reached XP level 5. HP: 51/51 MP: 4/4
  2901 | D:4      | Reached XP level 6. HP: 16/60 MP: 3/5
  3139 | D:4      | Found a broken altar of Ashenzari.
  3219 | D:4      | Noticed Natasha
  3231 | D:4      | Killed Natasha
  3587 | D:4      | Noticed Natasha
  3597 | D:4      | Killed Natasha
  3621 | D:4      | Noticed Duvessa
  3621 | D:4      | Noticed Dowan
  3625 | D:4      | Identified a scroll of acquirement
  3625 | D:4      | Acquired a +2 pair of boots of flying
  3640 | D:4      | Noticed Natasha
  3691 | D:4      | Killed Dowan
  3692 | D:4      | Reached XP level 7. HP: 55/70 MP: 6/6
  3704 | D:4      | Killed Duvessa
  3855 | D:4      | Killed Natasha
  3865 | D:4      | Reached skill level 10 in Fighting
  4015 | D:4      | Identified the +3 whip of Gozag's Regard {speed, Fragile
                  | rC++ rCorr Dex+2}
  4049 | D:4      | Noticed Menkaure
  4058 | D:4      | Killed Menkaure
  4382 | D:5      | Entered Level 5 of the Dungeon
  4399 | D:5      | Reached skill level 1 in Maces & Flails
  4509 | D:5      | Reached XP level 8. HP: 39/80 MP: 2/7
  4834 | D:5      | Found a glowing drain.
  4843 | Sewer    | Entered a sewer
  4956 | Sewer    | Reached skill level 5 in Maces & Flails
  5745 | D:6      | Found a staircase to the Ecumenical Temple.
  5764 | Temple   | Entered the Ecumenical Temple
  5951 | Temple   | Became a worshipper of Gozag Ym Sagoz the Greedy
  6451 | D:6      | Found a runed translucent door.
  6452 | D:6      | Noticed LynnLen's ghost (novice FoFi)
  7289 | D:7      | Reached XP level 9. HP: 85/86 MP: 8/8
  7755 | D:7      | Reached skill level 10 in Maces & Flails
  7800 | D:7      | Found a blossoming altar of Fedhas.
  8179 | D:8      | Found a sacrificial altar of Ru.
  8347 | D:8      | Noticed a tengu conjurer
  8358 | D:8      | Killed a tengu conjurer
  8425 | D:8      | Noticed a manticore
  8438 | D:8      | Killed a manticore
  8696 | D:8      | Noticed a guardian serpent
  8710 | D:8      | Noticed a salamander
  8710 | D:8      | a guardian serpent changed into a salamander
  8715 | D:8      | Killed a salamander
  8716 | D:8      | Reached XP level 10. HP: 55/94 MP: 3/9
  9148 | D:8      | Found Baaruetix's Armour Emporium.
  9156 | D:8      | Bought a +0 buckler for 58 gold pieces
  9182 | D:8      | Reached skill level 1 in Shields
  9830 | D:9      | Reached skill level 2 in Shields
  9834 | D:9      | Reached skill level 1 in Evocations
  9854 | D:9      | Reached skill level 3 in Shields
 10131 | D:9      | Reached skill level 15 in Maces & Flails
 10131 | D:9      | Reached skill level 4 in Shields
 10535 | D:9      | Reached skill level 5 in Shields
 10584 | D:9      | Noticed a seven-headed hydra
 10875 | D:9      | Reached XP level 11. HP: 98/100 MP: 10/10
 10911 | D:9      | Acquired the +1 cloak of a wizard's laboratory {rC+}
 11450 | D:9      | Found a sparkling altar of Nemelex Xobeh.
 11587 | D:9      | Killed a seven-headed hydra
 11588 | D:9      | Reached skill level 6 in Shields
 11714 | D:10     | Entered Level 10 of the Dungeon
 11808 | D:10     | Found a white marble altar of Elyvilon.
 12063 | D:10     | Reached skill level 1 in Armour
 12357 | D:10     | Found a staircase to the Lair.
 13132 | D:10     | Paralysed by a hornet for 2 turns
 13547 | D:10     | Paralysed by a hornet for 3 turns
 13567 | D:10     | Reached skill level 7 in Shields
 13569 | D:10     | Found a shimmering blue altar of Sif Muna.
 13757 | D:11     | Found a gate leading to a gauntlet.
 13782 | Gauntlet | Entered a Gauntlet
 13782 | Gauntlet | Found a transporter.
 13791 | Gauntlet | Found a transporter.
 13808 | Gauntlet | Found a transporter.
 13812 | Gauntlet | Found a transporter.
 13825 | Gauntlet | Noticed a large abomination
 13833 | Gauntlet | Found a transporter.
 13834 | Gauntlet | Found the +3 Mad Mage's Maulers {Infuse+∞ RegenMP Int-3}
 13846 | Gauntlet | Found a transporter.
 13856 | Gauntlet | Noticed a catoblepas
 13860 | Gauntlet | Found a transporter.
 13861 | Gauntlet | Noticed an entropy weaver
 13861 | Gauntlet | a catoblepas changed into an entropy weaver
 13863 | Gauntlet | Noticed a death yak
 13863 | Gauntlet | an entropy weaver changed into a death yak
 13871 | Gauntlet | Noticed a dire elephant
 13871 | Gauntlet | a death yak changed into a dire elephant
 13873 | Gauntlet | Noticed a quicksilver dragon
 13873 | Gauntlet | a dire elephant changed into a quicksilver dragon
 13876 | Gauntlet | Noticed an azure jelly
 13876 | Gauntlet | a quicksilver dragon changed into an azure jelly
 13877 | Gauntlet | Noticed an eleionoma
 13877 | Gauntlet | an azure jelly changed into an eleionoma
 13879 | Gauntlet | Noticed a shadow dragon
 13879 | Gauntlet | an eleionoma changed into a shadow dragon
 13887 | Gauntlet | Found a transporter.
 13887 | Gauntlet | Found a transporter.
 13888 | Gauntlet | Noticed a rockslime
 13888 | Gauntlet | a shadow dragon changed into a rockslime
 13891 | Gauntlet | Noticed a thrashing horror
 13893 | Gauntlet | Found a transporter.
 13899 | Gauntlet | Noticed a thrashing horror
 13913 | Gauntlet | Noticed a reaper
 13925 | Gauntlet | Noticed an orange crystal statue
 13926 | Gauntlet | Found a transporter.
 13926 | Gauntlet | Found a transporter.
 13968 | Gauntlet | Killed a thrashing horror
 13969 | Gauntlet | Reached skill level 5 in Evocations
 13977 | Gauntlet | Killed a thrashing horror
 13987 | Gauntlet | Identified the amulet "Caqous" {RegenMP rN++ Str+3}
 13987 | Gauntlet | Noticed a fire crab
 13991 | Gauntlet | Noticed an azure jelly
 13998 | Gauntlet | Noticed a death yak
 13998 | Gauntlet | an azure jelly changed into a death yak
 13999 | Gauntlet | a fire crab changed into a cane toad
 14005 | Gauntlet | Noticed an entropy weaver
 14005 | Gauntlet | a death yak changed into an entropy weaver
 14006 | Gauntlet | Noticed a catoblepas
 14006 | Gauntlet | an entropy weaver changed into a catoblepas
 14010 | Gauntlet | Noticed a minotaur
 14010 | Gauntlet | a catoblepas changed into a minotaur
 14012 | Gauntlet | a minotaur changed into something unseen
 14027 | Gauntlet | Noticed an eight-headed hydra
 14034 | Gauntlet | Noticed a bunyip
 14034 | Gauntlet | an eight-headed hydra changed into a bunyip
 14041 | Gauntlet | Noticed an entropy weaver
 14041 | Gauntlet | a bunyip changed into an entropy weaver
 14043 | Gauntlet | Noticed a spark wasp
 14043 | Gauntlet | an entropy weaver changed into a spark wasp
 14044 | Gauntlet | Noticed a boulder beetle
 14044 | Gauntlet | a spark wasp changed into a boulder beetle
 14053 | Gauntlet | Noticed a wolf spider
 14053 | Gauntlet | a boulder beetle changed into a wolf spider
 14054 | Gauntlet | Noticed a two-headed ogre
 14054 | Gauntlet | a wolf spider changed into a two-headed ogre
 14058 | Gauntlet | Noticed a shining eye
 14058 | Gauntlet | a two-headed ogre changed into a shining eye
 14059 | Gauntlet | a shining eye changed into an eye of devastation
 14060 | Gauntlet | Noticed a wolf spider
 14060 | Gauntlet | an eye of devastation changed into a wolf spider
 14065 | Gauntlet | a wolf spider changed into a slime creature
 14066 | Gauntlet | Noticed a glowing orange brain
 14066 | Gauntlet | a slime creature changed into a glowing orange brain
 14068 | Gauntlet | a glowing orange brain changed into a faun
 14076 | Gauntlet | Noticed a harpy
 14076 | Gauntlet | a salamander changed into a harpy
 14077 | Gauntlet | a harpy changed into a rime drake
 14080 | Gauntlet | Noticed a great orb of eyes
 14080 | Gauntlet | a water nymph changed into a great orb of eyes
 14092 | Gauntlet | Noticed a goliath frog
 14092 | Gauntlet | a great orb of eyes changed into a goliath frog
 14103 | Gauntlet | Noticed a mana viper
 14103 | Gauntlet | a yaktaur changed into a mana viper
 14104 | Gauntlet | a mana viper changed into a moth of wrath
 14118 | Gauntlet | Noticed a seven-headed hydra
 14118 | Gauntlet | a goliath frog changed into a seven-headed hydra
 14162 | Gauntlet | Noticed a lindwurm
 14162 | Gauntlet | a torpor snail changed into a lindwurm
 14168 | Gauntlet | Noticed an ice dragon
 14168 | Gauntlet | a seven-headed hydra changed into an ice dragon
 14287 | Gauntlet | Noticed a minotaur
 14301 | Gauntlet | Killed a minotaur
 14312 | Gauntlet | Identified the +0 kite shield of the Snake Pit {-Tele Harm
                  | rElec SInv}
 14316 | Gauntlet | Got the Tome of Companions
 14365 | D:11     | Noticed a boulder beetle
 14394 | D:10     | Killed a boulder beetle
 14901 | D:11     | Reached skill level 8 in Shields
 14910 | D:11     | Reached XP level 12. HP: 74/110 MP: 8/11
 15040 | D:11     | Found a transporter.
 15062 | D:11     | Found a transporter.
 15078 | D:11     | Noticed a two-headed ogre
 15084 | D:11     | Killed a two-headed ogre
 15085 | D:11     | Reached skill level 5 in Armour
 15088 | D:11     | Reached skill level 5 in Dodging
 15162 | D:11     | Found a shadowy altar of Dithmenos.
 15172 | D:11     | Found a staircase to the Orcish Mines.
 15199 | D:11     | Noticed a boulder beetle
 15232 | D:11     | Identified the +10 trident "Leopilus" {spect, rElec rF-
                  | rN+++ Will-}
 15233 | D:11     | Noticed pokeman's ghost (journeyman DEWz)
 15561 | D:11     | Identified the +6 hand axe "Thing" {holy, rC+ Stlth+}
 15563 | D:11     | Identified the +4 hand axe "Meenuag" {elec, rPois}
 15621 | D:12     | Noticed a two-headed ogre
 15632 | D:12     | Killed a two-headed ogre
 15899 | D:12     | Found a portal to a secret trove of treasure.
 15969 | D:12     | Noticed an eight-headed hydra
 15975 | D:12     | Killed an eight-headed hydra
 15976 | D:12     | Reached skill level 9 in Shields
 16024 | D:12     | Noticed Azrael
 16035 | D:12     | Killed Azrael
 16245 | D:12     | Noticed a two-headed ogre
 16249 | D:12     | Killed a two-headed ogre
 16444 | D:12     | Noticed Snorg
 16452 | D:12     | Killed Snorg
 16985 | D:13     | Noticed a centaur warrior
 16998 | D:13     | Killed a centaur warrior
 17109 | D:13     | Reached skill level 10 in Shields
 17187 | D:13     | Noticed a vault guard
 17188 | D:13     | Noticed an ogre mage
 17215 | D:13     | Killed an ogre mage
 17221 | D:13     | Killed a vault guard
 17251 | D:13     | Noticed a two-headed ogre
 17325 | D:13     | Found a gate to the Vaults.
 17325 | D:13     | Noticed a vault guard
 17353 | D:13     | Noticed a vault guard
 17357 | D:13     | Killed a two-headed ogre
 17358 | D:13     | Reached XP level 13. HP: 48/119 MP: 7/12
 19370 | D:14     | Reached skill level 11 in Shields
 19518 | D:14     | Acquired 679 gold pieces
 19682 | Orc:1    | Entered Level 1 of the Orcish Mines
 19762 | Lair:1   | Entered Level 1 of the Lair of Beasts
 20486 | Lair:2   | Found a hole to the Spider Nest.
 20572 | Lair:2   | Identified the +1 chain mail of Nemelex Xobeh's Whim
                  | {Rampage Drain rN++ Str+8}
 20781 | Lair:2   | Reached skill level 10 in Armour
 21195 | Lair:3   | Noticed Rupert
 21652 | Lair:4   | Found a staircase to the Shoals.
 21670 | Lair:4   | Reached skill level 12 in Shields
 22399 | Lair:5   | Reached XP level 14. HP: 45/132 MP: 7/13
 22765 | Lair:5   | Reached skill level 10 in Dodging
 23729 | Lair:6   | Entered Level 6 of the Lair of Beasts
 24453 | Lair:6   | Found a viscous altar of Jiyva.
 24453 | Lair:6   | Found a staircase to the Slime Pits.
 24583 | Lair:6   | Reached skill level 13 in Shields
 24934 | Lair:6   | Reached skill level 15 in Fighting
 25739 | Lair:6   | Found a runed translucent door.
 25857 | Lair:6   | Identified the +4 rapier of the Shore {spect, rC+ rN+++
                  | Will++ Dex-3}
 26749 | Lair:3   | Found a runed translucent door.
 27399 | Orc:1    | Found a runed translucent gate.
 27400 | Orc:1    | Found a runed translucent gate.
 27400 | Orc:1    | Found an opulent altar of Gozag.
 27401 | Orc:1    | Found a runed translucent gate.
 27419 | Orc:1    | Found Amippiut's Assorted Antiques.
 27421 | Orc:1    | Noticed Rachuaq's ghost (adept GnSk)
 27565 | Orc:2    | Entered Level 2 of the Orcish Mines
 27920 | Orc:2    | Found a staircase to the Elven Halls.
 27930 | Orc:2    | Reached XP level 15. HP: 134/141 MP: 12/14
 27956 | Orc:1    | Noticed an orc warlord
 28297 | Orc:2    | Found Enaog's Armour Emporium.
 28297 | Orc:2    | Found Rocvuadgh's Antique Weapon Boutique.
 28297 | Orc:2    | Found Deyfil's General Store.
 28300 | Orc:2    | Found Xonnuic's General Store.
 28395 | Orc:2    | Found a burning altar of Makhleb.
 28434 | Orc:2    | Bought a potion of heal wounds for 90 gold pieces
 29042 | Orc:1    | Reached skill level 14 in Shields
 29050 | Orc:1    | Killed an orc warlord
 30100 | D:15     | Entered Level 15 of the Dungeon
 30142 | D:15     | Found a frozen archway.
 30158 | IceCv    | Entered an ice cave
 31203 | IceCv    | Noticed a frost giant
 31204 | IceCv    | Noticed a frost giant
 31215 | IceCv    | Killed a frost giant
 31227 | IceCv    | Killed a frost giant
 32555 | Lair:2   | Killed Rupert
 32646 | Shoals:1 | Entered Level 1 of the Shoals
 33098 | Shoals:1 | Reached XP level 16. HP: 130/152 MP: 10/15
 33303 | Shoals:1 | Reached skill level 15 in Shields
 35717 | Shoals:2 | Found a runed translucent gate.
 35718 | Shoals:2 | Found a runed translucent gate.
 35719 | Shoals:2 | Found a runed translucent gate.
 36391 | Shoals:3 | Noticed a kraken
 36460 | Shoals:3 | Identified the +6 scale mail of the Original Sin {Str+5
                  | Dex+5}
 36768 | Shoals:3 | Killed a kraken
 36972 | Shoals:3 | Noticed a kraken
 36992 | Shoals:3 | Killed a kraken
 37643 | Shoals:4 | Entered Level 4 of the Shoals
 38067 | Shoals:4 | Reached skill level 16 in Shields
 38592 | Shoals:4 | Noticed a kraken
 38611 | Shoals:4 | Killed a kraken
 38612 | Shoals:4 | Reached skill level 15 in Armour
 38869 | Shoals:4 | Reached XP level 17. HP: 150/162 MP: 14/16
 38919 | Shoals:4 | Noticed a kraken
 38968 | Shoals:4 | Killed a kraken
 40096 | Shoals:4 | Got a barnacled rune of Zot
 40426 | D:6      | Killed LynnLen's ghost
 40633 | D:11     | Killed pokeman's ghost
 41111 | D:15     | Found a staircase to the Depths.
 41897 | Spider:1 | Entered Level 1 of the Spider Nest
 42071 | Spider:1 | Reached skill level 10 in Evocations
 42686 | Spider:1 | Reached skill level 17 in Shields
 42829 | Spider:1 | Found a hide-covered altar of Uskayaw.
 42906 | Spider:1 | You are sucked into a shaft and drop 1 floor!
 43618 | Spider:2 | Reached skill level 15 in Dodging
 43699 | Spider:2 | Acquired 827 gold pieces
 43850 | Spider:3 | Noticed Arachne
 43865 | Spider:3 | Killed Arachne
 44145 | Spider:3 | Reached XP level 18. HP: 173/173 MP: 17/17
 45085 | Spider:4 | Entered Level 4 of the Spider Nest
 45268 | Spider:4 | Found a transporter.
 45270 | Spider:4 | Noticed Midn8's ghost (adept DrCj)
 45295 | Spider:4 | Found a transporter.
 46522 | Spider:4 | Reached skill level 18 in Shields
 46830 | Spider:4 | Got a gossamer rune of Zot
 49252 | Elf:1    | Entered Level 1 of the Elven Halls
 49252 | Elf:1    | Noticed Louise
 49280 | Elf:1    | Killed Louise
 49944 | Elf:1    | Found Zemoxtyk's Magic Scroll Boutique.
 49944 | Elf:1    | Found Dyfeu's Book Shop.
 49945 | Elf:1    | Found Vexealec's Magic Scroll Boutique.
 49945 | Elf:1    | Paralysed by an air elemental for 1 turns
 49952 | Elf:1    | Found Xinequv's Antique Weapon Shop.
 49966 | Elf:1    | Bought a scroll of blinking for 135 gold pieces
 49966 | Elf:1    | Bought a scroll of teleportation for 54 gold pieces
 49966 | Elf:1    | Bought a scroll of enchant weapon for 135 gold pieces
 49966 | Elf:1    | Bought a scroll of teleportation for 54 gold pieces
 49966 | Elf:1    | Bought a scroll of magic mapping for 63 gold pieces
 50125 | Elf:1    | Bought a scroll of fear for 42 gold pieces
 50125 | Elf:1    | Bought a scroll of blinking for 90 gold pieces
 50125 | Elf:1    | Bought a scroll of fear for 42 gold pieces
 50125 | Elf:1    | Bought a scroll of fog for 24 gold pieces
 50125 | Elf:1    | Bought a scroll of magic mapping for 42 gold pieces
 50125 | Elf:1    | Bought a scroll of fear for 42 gold pieces
 50131 | Elf:1    | Bought a manual of Shields for 1200 gold pieces
 50178 | Elf:1    | Reached XP level 19. HP: 184/184 MP: 18/18
 51224 | Elf:2    | Reached skill level 19 in Shields
 51753 | Elf:2    | Found a huge runed translucent gate.
 51753 | Elf:2    | Found a huge runed translucent gate.
 51753 | Elf:2    | Found a huge runed translucent gate.
 51757 | Elf:2    | Found a huge runed translucent gate.
 51763 | Elf:2    | Found a huge runed translucent gate.
 51871 | Elf:2    | Found a runed translucent gate.
 51871 | Elf:2    | Found a runed translucent gate.
 51871 | Elf:2    | Found a runed translucent gate.
 52102 | Elf:3    | Entered Level 3 of the Elven Halls
 52172 | Elf:3    | Reached skill level 20 in Shields
 52172 | Elf:3    | Reached XP level 20. HP: 193/193 MP: 19/19
 52277 | Elf:3    | Reached skill level 21 in Shields
 52282 | Elf:3    | Cast into level 2 of the Abyss (a deep elf demonologist)
 52945 | Elf:3    | Escaped the Abyss
 52949 | Elf:3    | Found the +15 Maxwell's patent armour {-Cast -Tele rElec
                  | Will+ rCorr}
 54087 | Elf:3    | Paralysed by an air elemental for 1 turns
 54367 | Elf:3    | Cast into level 2 of the Abyss (a deep elf demonologist)
 54484 | Elf:3    | Escaped the Abyss
 54726 | Elf:3    | Reached skill level 22 in Shields
 55072 | Elf:3    | Identified the +7 whip of the Apocalypse {freeze, Will+
                  | Str+3 Int+6 Stlth+}
 55384 | Elf:3    | Got the Grimoire of Enchanting Ice
 55412 | Elf:3    | Got the Papyrus of Changing and Flames
 55415 | Elf:3    | Identified the ring of Free Expression {Wiz Dex+3}
 55456 | Elf:3    | Got Oguddeaf's Compendium of Captivating Heat
 55818 | Vaults:1 | Entered Level 1 of the Vaults
 55895 | Vaults:1 | Reached XP level 21. HP: 128/201 MP: 20/20
 56754 | Vaults:1 | Reached skill level 23 in Shields
 56956 | Vaults:1 | Found Kyck's Armour Shop.
 56965 | Vaults:1 | Found Gopnujuz's Distillery.
 56974 | Vaults:1 | Bought 2 potions of curing for 108 gold pieces
 56974 | Vaults:1 | Bought a potion of mutation for 144 gold pieces
 56974 | Vaults:1 | Bought a potion of haste for 180 gold pieces
 56974 | Vaults:1 | Bought a potion of curing for 54 gold pieces
 56974 | Vaults:1 | Bought a potion of curing for 54 gold pieces
 56974 | Vaults:1 | Bought a potion of heal wounds for 90 gold pieces
 57069 | Vaults:1 | Found Daxtaepnu's Magic Scroll Shop.
 57077 | Vaults:1 | Bought a scroll of enchant weapon for 165 gold pieces
 57077 | Vaults:1 | Bought 2 scrolls of magic mapping for 154 gold pieces
 57228 | Vaults:1 | Found Qanyllo's Jewellery Shoppe.
 57238 | Vaults:1 | Bought the ring of the Hare {EV+8} for 2304 gold pieces
 57238 | Vaults:1 | Found the ring of the Hare {EV+8}
 57388 | Vaults:1 | Found Hiraum's Jewellery Shop.
 57917 | Vaults:2 | Noticed Aizul
 57932 | Vaults:2 | Killed Aizul
 59648 | Vaults:3 | Found a flickering gateway to a bazaar.
 59654 | Bazaar   | Entered a bazaar
 59654 | Bazaar   | Found Zaistodua's Book Shoppe.
 59655 | Bazaar   | Found Ylluask's Jewellery Boutique.
 59686 | Bazaar   | Found Ymiliradgh's Distillery.
 59695 | Bazaar   | Bought 2 potions of curing for 78 gold pieces
 59695 | Bazaar   | Bought a potion of curing for 39 gold pieces
 59695 | Bazaar   | Bought 2 potions of curing for 78 gold pieces
 59695 | Bazaar   | Bought a potion of cancellation for 104 gold pieces
 59695 | Bazaar   | Found Hozoy's Weapon Shop.
 59761 | Vaults:3 | Found a crumbling gateway.
 59765 | Desolati | Entered the Desolation of Salt
 59909 | Desolati | Reached XP level 22. HP: 103/209 MP: 21/21
 60057 | Desolati | Identified the ring "Vetak" {Fly rC+ Int+3 Dex-2 Stlth+}
 60270 | Desolati | Got the Grimoire of Dark Arts
 60557 | Desolati | Reached skill level 24 in Shields
 60715 | Desolati | Identified the ring of the Thistle {+Blink AC+4 Str+6}
 60721 | Desolati | Identified the ring of Opnaw {rC+ rCorr Int+6}
 60726 | Desolati | Got the Disquisition on Darkness
 60828 | Desolati | Identified the +2 spear of the Final Chapter {speed, rF+
                  | rN+}
 60832 | Desolati | Got the Papyrus of Feathery Transmutation
 60834 | Desolati | Got Wusorogh's Tome of Calling
 61093 | Vaults:3 | Identified the +7 chain mail of Vanity {rPois rC+ Will-
                  | Str+6}
 62517 | Vaults:3 | Found a staircase to the Crypt.
 63287 | Vaults:4 | Cast into level 2 of the Abyss (a wizard)
 63425 | Abyss:3  | Found a corrupted altar of Lugonu.
 63597 | Abyss:3  | Found a corrupted altar of Lugonu.
 63618 | Abyss:3  | Gained mutation: You possess an exceptional clarity of
                  | mind. [a cacodemon]
 63719 | Abyss:3  | Found a corrupted altar of Lugonu.
 63758 | Abyss:3  | Acquired 1140 gold pieces
 63891 | Abyss:3  | Found a corrupted altar of Lugonu.
 64034 | Vaults:4 | Escaped the Abyss
 64218 | Vaults:4 | Reached XP level 23. HP: 194/218 MP: 22/22
 64859 | Vaults:4 | Identified the +9 plate armour of Gallantry {*Slow rElec
                  | Int+8 Slay+6}
 65076 | Vaults:5 | Entered Level 5 of the Vaults
 65399 | Crypt:1  | Entered Level 1 of the Crypt
 65552 | Crypt:1  | Reached skill level 25 in Shields
 66730 | Crypt:2  | Noticed Donald
 66747 | Crypt:2  | Killed Donald
 66891 | Crypt:2  | Noticed Mara
 66902 | Crypt:2  | Noticed bearlyready's illusion
 66936 | Crypt:2  | Killed Mara
 67540 | Crypt:3  | Entered Level 3 of the Crypt
 67926 | Crypt:2  | Found a runed translucent gate.
 67926 | Crypt:2  | Found a runed translucent gate.
 67926 | Crypt:2  | Found a runed translucent gate.
 67927 | Crypt:2  | Noticed freelancePsychic's ghost (adept DsEE)
 67959 | Crypt:2  | Killed freelancePsychic's ghost
 67976 | Crypt:2  | Identified the +6 long sword of Toothy Absolution {vorpal,
                  | rC+ Str+5}
 68698 | Crypt:3  | Paralysed by something for 4 turns
 69024 | Crypt:3  | Found a staircase to the Tomb.
 69082 | Crypt:3  | Reached XP level 24. HP: 218/231 MP: 22/22
 69086 | Crypt:3  | Noticed an ancient lich
 70814 | Crypt:3  | Paralysed by a vampire knight for 4 turns
 71515 | Crypt:3  | Noticed a royal mummy
 71654 | Crypt:3  | Killed a royal mummy
 71801 | Crypt:3  | Found an ancient bone altar of Kikubaaqudgha.
 71814 | Crypt:3  | Found a basalt altar of Yredelemnul.
 71863 | Crypt:3  | Got the Catalogue of the Glacier and Toxins
 72004 | Crypt:3  | Killed an ancient lich
 72932 | Orc:1    | Killed Rachuaq's ghost
 72983 | Orc:1    | Bought a potion of curing for 72 gold pieces
 72983 | Orc:1    | Bought a scroll of acquirement for 1248 gold pieces
 73004 | Orc:1    | Acquired 602 gold pieces
 73156 | Depths:1 | Entered Level 1 of the Depths
 73242 | Depths:1 | Found a one-way gateway to a ziggurat.
 73315 | Depths:1 | You are sucked into a shaft and drop 1 floor!
 74288 | Depths:2 | Found a gateway to Hell.
 74345 | Depths:1 | Reached skill level 26 in Shields
 75189 | Depths:1 | Cast into level 2 of the Abyss (a wizard)
 75272 | Abyss:3  | Found a corrupted altar of Lugonu.
 75375 | Abyss:3  | Found a corrupted altar of Lugonu.
 75628 | Abyss:4  | Found a corrupted altar of Lugonu.
 75667 | Abyss:5  | Entered Level 5 of the Abyss
 75667 | Abyss:5  | Found a corrupted altar of Lugonu.
 75673 | Depths:1 | Escaped the Abyss
 75878 | Depths:2 | Found a one-way gate leading to the halls of Pandemonium.
 76327 | Depths:3 | Found Zin's Purification Station.
 76328 | Depths:3 | Found a glowing silver altar of Zin.
 76336 | Depths:3 | Bought a potion of curing for 90 gold pieces
 76509 | Depths:3 | Noticed an ancient lich
 76561 | Depths:3 | Killed an ancient lich
 76562 | Depths:3 | Reached XP level 25. HP: 240/240 MP: 22/22
 76801 | Depths:3 | Reached skill level 15 in Evocations
 77317 | Depths:3 | Found a corrupted altar of Lugonu.
 77317 | Depths:3 | Found a one-way gate to the infinite horrors of the Abyss.
 77521 | Depths:4 | Entered Level 4 of the Depths
 77521 | Depths:4 | Found Askevvou's General Store.
 77525 | Depths:4 | Bought a potion of mutation for 104 gold pieces
 77525 | Depths:4 | Bought a potion of mutation for 104 gold pieces
 79090 | Depths:4 | Found a gate to the Realm of Zot.
 79738 | Spider:4 | Killed Midn8's ghost
 79774 | Spider:4 | Identified the ring "Foamp" {Wiz Stlth+}
 79791 | Spider:4 | Identified the amulet "Caoprena" {Faith Int+4 Stlth+}
 80303 | Vaults:5 | Noticed an ancient lich
 80375 | Vaults:5 | Reached skill level 27 in Shields
 80757 | Vaults:5 | Noticed an ancient lich
 80790 | Vaults:5 | Killed an ancient lich
 80818 | Vaults:5 | Identified the +10 war axe of Midwinter {holy, rElec rC+
                  | Str+4 Stlth+}
 80833 | Vaults:5 | Found Plog's Magic Scroll Shop.
 80843 | Vaults:5 | Bought a scroll of enchant weapon for 90 gold pieces
 80843 | Vaults:5 | Bought a scroll of silence for 90 gold pieces
 80843 | Vaults:5 | Bought a scroll of teleportation for 36 gold pieces
 81028 | Vaults:5 | Noticed an ancient lich
 81053 | Vaults:4 | Killed an ancient lich
 81068 | Vaults:4 | Killed an ancient lich
 81524 | Vaults:5 | Reached XP level 26. HP: 227/253 MP: 22/22
 81555 | Vaults:5 | Identified the +11 hand crossbow of Eternal Harmony
                  | {vorpal, Fly Str+6 Int+2}
 81679 | Vaults:5 | Got a silver rune of Zot
 81902 | Vaults:5 | Identified the +6 long sword "Doetrid" {freeze, rPois}
 81974 | Vaults:5 | Identified the +6 mace "Tyfrieqi" {drain, rF+ Dex+4}
 82262 | Vaults:5 | Found the +7 Spriggan's Knife {stab, EV+4 Stlth+}
 82272 | Vaults:5 | Identified the +2 helmet of the Monkey's Uncle {+Blink
                  | Str+4 Int+7}
 82288 | Vaults:5 | Identified the +4 rapier of Roiss {flame, rN+ Dex+3 SInv}
 82294 | Vaults:5 | Identified the +1 scale mail of Ahi Ude {Will+ Dex+4}
 82295 | Vaults:5 | Identified the +0 chain mail "Ubeicicw" {Regen+}
 82316 | Vaults:5 | Identified the +1 robe "Luijih Utia" {Dex+9}
 83136 | Zot:1    | Entered Level 1 of the Realm of Zot
 83136 | Zot:1    | Noticed a dread lich
 83212 | Depths:4 | Paralysed by a dread lich for 5 turns
 83220 | Depths:4 | Killed a dread lich
 84577 | Zot:1    | Identified the +3 trident of Agony {venom, rElec Int+4}
 86301 | Zot:1    | Noticed an ancient lich
 86342 | Zot:1    | Killed an ancient lich
 88848 | Zot:3    | Reached XP level 27. HP: 128/266 MP: 22/22
 92413 | Zot:4    | Found a runed translucent gate.
 92414 | Zot:4    | Found a runed translucent gate.
 92414 | Zot:4    | Found a runed translucent gate.
 92417 | Zot:4    | Noticed Etiafa's ghost (legendary TrWz)
 92421 | Zot:4    | Found a viscous altar of Jiyva.
 92605 | Zot:5    | Entered Level 5 of the Realm of Zot
 93151 | Zot:5    | Noticed an orb of fire
 93157 | Zot:5    | Noticed an orb of fire
 93172 | Zot:5    | Noticed a dread lich
 93183 | Zot:5    | Killed from afar by an orb of fire

Illustrated notes

Levels and vault maps discovered:
D:1:      kennysheep_arrival_forest, layout_loops_ring, basic_ecumenical_altar
D:2:      layout_basic, uniq_robin
D:3:      layout_loops_ring
D:4:      layout_cave_pools, nicolae_ashenzari_skybound,
          kennysheep_generic_room_9, uniq_menkaure, uniq_duvessa, uniq_natasha
D:5:      layout_rooms, gup_sewer_entry_bubbles
D:6:      layout_loops_ring, minmay_temple_entry_mist,
          ebering_ghost_reflecting_pool, minmay_door_square, minivault_5
D:7:      layout_cave_pools, fedhas_altar_decomposition, minivault_26
D:8:      minmay_tri_box, layout_loops_ring,
          mainiacjoe_overflow_concentric_impassable, serial_rivers,
          chequers_serial_rivers_micro_a, chequers_serial_rivers_small_b,
          chequers_serial_rivers_micro_a, chequers_serial_rivers_micro_a,
          chequers_serial_rivers_small_b, chequers_serial_rivers_micro_e,
          serial_shops, shop, minmay_diced_spiral
D:9:      layout_basic, nemelex_xobeh_ov_fountains_minmay
D:10:     layout_irregular_city, mainiacjoe_overflow_paths, tgw_sif,
          due_lair_maze_entry_diamond
D:11:     layout_long_grid, orc_0_dummy, nzn_ghost_randoct, enter_bailey_2,
          gauntlet_entry_generic, grunt_dithmenos_smoke_and_mirrors
D:12:     layout_cave_pods, nicolae_trove_entry_free_sample, uniq_azrael,
          uniq_snorg
D:13:     layout_layer_cave, grunt_vaults_entry_fortified
D:14:     layout_irregular_city, hex_tiny
D:15:     hangedman_depths_entry_civil_slaughter, layout_rooms,
          portal_ice_cave_entry_pillars_2
Temple:   eino_temple_rhombus
Lair:1:   layout_roguey, serial_bayou_shore_b
Lair:2:   layout_roguey, dummy_spider_entry, amcnicky_mini_pool_medium
Lair:3:   gammafunk_mikee_crab_dinner, layout_cave_shapes, special_room
          [special_room_bee], uniq_rupert
Lair:4:   layout_cellular_growth, minmay_shoals_entry_centaurs
Lair:5:   layout_misc_corridors, nzn_sisyphean_effort
Lair:6:   wormcave, layout_cave_pods, hangedman_lair_in_review, slime_altar_1,
          infiniplex_staircase_pool, serial_bayou_shore_b
Shoals:1: layout_shoals, nicolae_shoals_hidden_pirate_stash
Shoals:2: layout_shoals, nicolae_shoals_beach_cooler
Shoals:3: layout_shoals
Shoals:4: shoals_end_hangedman, layout_shoals, nicolae_shoals_cliffside_cave
Spider:1: layout_chambers, nicolae_spider_altar_of_dancing
Spider:2: layout_spider_delve
Spider:3: cheibrodos_forgotten_conduit, uniq_arachne
Spider:4: grunt_spider_rune_circles, gammafunk_ghost_mausoleum
Orc:1:    layout_caves, ebering_ghost_gozag, basic_altar
Orc:2:    st_orc_rangers, layout_caves, basic_altar, bloody_makhleb
Elf:1:    elf_arrival_002, layout_geoelf_diagonals, hangedman_elf_disciples,
          minmay_shoptagon, uniq_louise
Elf:2:    elven_hall_of_blades_hangedman_alternative
          [nicolae_blade_little_rooms], layout_loops_cross,
          nicolae_gammafunk_elf_defective_weapons_storage
Elf:3:    minmay_elf_hall_circle, layout_loops_corners, serial_glass,
          glass_columns_a, glass_columns_c, item_on_display_a,
          hangedman_elven_ridges
Vaults:1: hangedman_vaults_hard_town_square, vaults_room_pool,
          nicolae_vaults_what_the_h, v_misc_4, ontoclasm_vaults_misaligned,
          v_alt_pattern_3, nicolae_vaults_border_crossing,
          nicolae_vaults_three_branches, nicolae_vaults_network_square,
          vaults_room_corners, v_misc_14, layout_vaults_ring, serial_shops,
          nicolae_lakefront_shop, shop_fountains, shop_statue, shop, shop
Vaults:2: st_smaller_cells, hangedman_vaults_river_flow, ontoclasm_vaults_eye,
          nicolae_vaults_little_squares_2, v_alt_pattern_5,
          ontoclasm_vaults_chip, ontoclasm_vaults_hangar,
          grunt_vaults_trifunnel, vaults_dpeg_hooks,
          nicolae_vaults_mini_display_case, layout_vaults_omnibox, uniq_aizul
Vaults:3: portal_desolation_entry_nicolae_nacl,
          vaults_standard_mumra_enter_the_diamond, vaults_room_octagon,
          nicolae_vaults_ring_of_whatevers, v_misc_3, nicolae_vaults_alarming,
          ontoclasm_vaults_claustrophobia, vaults_mumra_hex,
          minmay_crypt_entry_skeletal_spiral, vaults_standard_mumra_x, v_misc_8,
          v_misc_27, ontoclasm_vaults_gateway, nicolae_vaults_specimen_jars,
          st_lines, layout_vaults_omnicross, serial_shops, bzr_entry_road
Vaults:4: v_misc_26, st_eye, vaults_room_semicircle,
          vaults_standard_mumra_lines, nicolae_vaults_network_star,
          grunt_vaults_swirl, grunt_vaults_funnel, hangedman_vaults_restitches,
          vaults_room_pool, ontoclasm_vaults_fault, vaults_room_pools,
          ontoclasm_vaults_ligature, layout_vaults_maze_snakey
Vaults:5: serial_shops
Crypt:1:  layout_catacombs, minivault_24
Crypt:2:  layout_misc_corridors, ebering_ghost_rock_garden, uniq_donald,
          uniq_mara
Crypt:3:  lightli_unholy_cathedral, layout_chaotic_city,
          tomb_entry_forgotten_bobbens
Depths:1: layout_basic, enter_ziggurat_a, nicolae_two_hexagons, pf_coc_iceberg,
          drop_trap, beargit_elvish_explorers
Depths:2: minmay_polygon_palace, layout_honeycomb, hell_entry,
          rand_demon_pan_entry_9
Depths:3: cheibrodos_cascadia, layout_gridlike, serial_sigils_hangedman_clutch,
          abyss_entry_flame_altar, hell_entry, zin_purify, serial_bayou_shore_b
Depths:4: grunt_zot_entry_hairpin, layout_small_grid, grunt_hell_entry_dis_old,
          serial_shops, nicolae_shop_hallway_stairs,
          minmay_misc_feat_secret_circle, serial_bayou, serial_bayou_shore_b,
          serial_bayou_pond_b, serial_bayou_lagoon_b, serial_bayou_shore_b,
          pan_entry, hangedman_abyss_entry_splay
Zot:1:    ebering_klown_carousel, layout_onion_interference, nzn_random_ring
Zot:2:    layout_cathedral_of_symmetry
Zot:3:    lemuel_firehouse, layout_onion
Zot:4:    layout_gridlike, gammafunk_ghost_ooze
Zot:5:    layout_gridlike, st_stairs_8

Skill      XL: |  1  2  3  4  5  6  7  8  9 10 11 12 13 14 15 16 17 18 19 20 21 22 23 24 25 26 27 |
---------------+----------------------------------------------------------------------------------+-----
Fighting       | 3 4 5 6 7 9 10 11 12 14 15 16 17 18 19 20 21 22 24 25 | 25.8
Maces & Flails | 3 9 13 15 16 17 18 19 | 19.0
Shields        | 5 8 10 12 13 14 16 17 18 20 22 23 24 25 26 27 | 27.0
Evocations     | 3 5 7 9 10 11 12 13 14 16 17 | 17.9
Armour         | 4 8 10 12 13 15 16 17 18 19 20 21 22 23 24 25 26 | 26.2
Dodging        | 4 7 9 11 12 13 15 16 17 18 19 20 21 22 24 | 24.4
Short Blades   | |  2.1
Throwing       | |  2.0
Stealth        | |  3.2

Action                   |  1- 3 |  4- 6 |  7- 9 | 10-12 | 13-15 | 16-18 | 19-21 | 22-24 | 25-27 || total
-------------------------+-------+-------+-------+-------+-------+-------+-------+-------+-------++-------
Melee: Dagger            |    86 |    90 |    28 |       |       |       |       |       |       ||   204
       Headbutt          |    16 |    21 |   125 |   223 |   353 |   631 |   512 |  1168 |   961 ||  4010
       Whip              |       |       |   463 |   535 |       |       |       |       |       ||   998
       Morningstar       |       |       |       |   221 |  1459 |  1984 |   584 |       |       ||  4248
       Demon whip        |       |       |       |       |       |       |   783 |  2783 |  2200 ||  5766
 Fire: Hunting sling     |       |    64 |       |       |       |       |       |       |       ||    64
Throw: Dart              |       |     5 |     7 |    23 |    71 |    16 |     7 |     3 |     9 ||   141
Invok: Potion Petition   |       |       |       |     2 |       |       |       |       |       ||     2
Evoke: Wand              |       |       |       |     6 |    15 |    13 |       |       |     5 ||    39
       Tin of tremorston |       |       |       |     4 |     6 |    10 |     8 |     9 |     9 ||    46
       Piece from Xom's  |       |       |       |     1 |     1 |       |       |       |     1 ||     3
       Lightning rod     |       |       |       |     1 |     6 |       |     9 |    10 |     3 ||    29
       Condenser vane    |       |       |       |       |     3 |     6 |     4 |     3 |     4 ||    20
       Box of beasts     |       |       |       |       |     2 |     2 |     1 |     3 |     3 ||    11
       Phantom mirror    |       |       |       |       |       |     1 |       |     1 |     1 ||     3
       Phial of floods   |       |       |       |       |       |       |       |       |     1 ||     1
  Use: Potion            |       |     2 |     2 |     6 |    10 |     1 |     4 |     3 |     7 ||    35
       Scroll            |       |     2 |     4 |     8 |    19 |     5 |    12 |    11 |    12 ||    73
 Stab: Sleeping          |     7 |     3 |     5 |     1 |     5 |     3 |     2 |     4 |     2 ||    32
       Invisible         |       |       |       |     1 |    12 |       |     3 |       |     1 ||    17
       Distracted        |       |       |       |     4 |     8 |    19 |    22 |    36 |    19 ||   108
       Petrified         |       |       |       |       |    12 |       |       |       |       ||    12
       Petrifying        |       |       |       |       |     1 |       |       |       |       ||     1
       Paralysed         |       |       |       |       |     4 |       |       |     1 |       ||     5
       Confused          |       |       |       |       |     1 |       |       |       |     1 ||     2
Armor: Robe              |    21 |       |       |       |       |       |       |       |       ||    21
       Ring mail         |       |    50 |   124 |     5 |       |       |       |       |       ||   179
       Chain mail        |       |       |       |   102 |       |       |       |       |       ||   102
       Quicksilver drago |       |       |       |    75 |   299 |    56 |       |       |       ||   430
       Skin              |       |       |       |     6 |       |       |       |       |       ||     6
       Scale mail        |       |       |       |       |       |   428 |   117 |   210 |   196 ||   951
Dodge: Dodged            |    38 |    62 |   149 |   182 |   780 |  1284 |   428 |  1074 |   980 ||  4977
Block: Buckler           |       |       |       |   123 |    11 |       |       |       |       ||   134
       Kite shield       |       |       |       |       |   949 |  2036 |   964 |  1992 |   616 ||  6557
       Reflection        |       |       |       |       |       |    13 |    78 |    51 |    46 ||   188
       Tower shield      |       |       |       |       |       |       |       |       |  1128 ||  1128

Table legend: (Time is in decaauts)
 A = Elapsed time spent in this place.
 B = Non-inter-level travel time spent in this place.
 C = Inter-level travel time spent in this place.
 D = Time resting spent in this place.
 E = Time spent auto-exploring this place.
 F = Levels seen in this place.
 G = Mean time per level.
                   A        B        C        D        E       F      G
               +--------+--------+--------+--------+--------+-----+--------+
         Total |  88714 |  82120 |   6594 |  10414 |  54711 |  67 | 1324.1 |
       Dungeon |  21106 |  18740 |   2366 |   1041 |  14466 |  15 | 1407.1 |
        Temple |    203 |    188 |     15 |      0 |    159 |   1 |  203.0 |
          Lair |   9170 |   8012 |   1158 |    787 |   5710 |   6 | 1528.3 |
        Shoals |   7477 |   7166 |    311 |     34 |   5901 |   4 | 1869.2 |
   Spider Nest |   6170 |   5611 |    559 |    382 |   4104 |   4 | 1542.5 |
  Orcish Mines |   2272 |   2069 |    203 |      9 |   1322 |   2 | 1136.0 |
   Elven Halls |   5503 |   5201 |    302 |    640 |   3454 |   3 | 1834.3 |
        Vaults |   9485 |   8519 |    966 |    624 |   5612 |   5 | 1897.0 |
         Crypt |   6333 |   6193 |    140 |   2375 |   2664 |   3 | 2111.0 |
        Depths |   6345 |   5920 |    425 |   1211 |   3565 |   4 | 1586.2 |
           Zot |   8541 |   8396 |    145 |   2647 |   4243 |   5 | 1708.2 |
         Abyss |   1816 |   1816 |      0 |    183 |    781 |  10 |  181.6 |
        Bazaar |     66 |     66 |      0 |      0 |     44 |   1 |   66.0 |
         Sewer |    517 |    517 |      0 |      0 |    370 |   1 |  517.0 |
      Ice Cave |   2010 |   2010 |      0 |    329 |   1327 |   1 | 2010.0 |
    Desolation |   1122 |   1122 |      0 |      0 |    780 |   1 | 1122.0 |
      Gauntlet |    568 |    568 |      0 |    151 |    207 |   1 |  568.0 |
               +--------+--------+--------+--------+--------+-----+--------+

Top non-repeatable levels by time:
 Crypt:2: 3353 daAuts
Depths:4: 2664 daAuts
   Elf:3: 2581 daAuts
    D:13: 2517 daAuts
  Lair:6: 2438 daAuts
   Zot:1: 2393 daAuts
Shoals:4: 2376 daAuts
  Lair:3: 2355 daAuts
   Zot:3: 2149 daAuts
Spider:4: 2106 daAuts
     D:9: 2024 daAuts
   IceCv: 2010 daAuts
Shoals:2: 2006 daAuts
Vaults:3: 1999 daAuts
Vaults:4: 1997 daAuts
